 Dungeon Crawl Stone Soup version 0.26.0-10-g1f06aea511 (webtiles) character file.

Game seed: 7350574568022937115

107 Amaterasu the Conjurer (level 4, -4/24 HPs)
             Began as a Deep Elf Conjurer on Jan 25, 2021.
             Slain by a sky beast (5 damage)
             ... on level 3 of the Dungeon.
             The game lasted 00:04:27 (1783 turns).

Amaterasu the Conjurer (Deep Elf Conjurer)          Turns: 1783, Time: 00:04:28

Health: -4/24      AC:  2    Str:  4    XL:     4   Next: 56%
Magic:  4/12       EV: 13    Int: 24    God:
Gold:   105        SH:  0    Dex: 13    Spells: 5/11 levels left

rFire    . . .     SeeInvis .   (no weapon)
rCold    + . .     Faith    .   (no shield)
rNeg     + . .     Spirit   .   a - +0 robe
rPois    .         Reflect  .   (no helmet)
rElec    .         Harm     .   (no cloak)
rCorr    .         Rampage  .   (no gloves)
Will     .....                  (no boots)
Stlth    ++........             c - amulet of regeneration
HPRegen  0.48/turn              f - ring of positive energy
MPRegen  0.13/turn              j - ring of protection from cold

@: no status effects
A: no striking features
a: no special abilities


You were on level 3 of the Dungeon.
You visited 1 branch of the dungeon, and saw 3 of its levels.

You collected 105 gold pieces.

Inventory:

Armour
 a - a +0 robe (worn)
 e - a +0 buckler
Jewellery
 c - an amulet of regeneration (around neck)
 f - a ring of positive energy (left hand)
 j - a ring of protection from cold (right hand)
Scrolls
 h - a scroll of teleportation {unknown}
Potions
 b - a potion of heal wounds
 d - 2 potions of lignification
 g - 2 potions of berserk rage
 i - a potion of attraction {unknown}
 k - a potion of cancellation {unknown}


   Skills:
 * Level 0.7 Fighting
 - Level 2.4 Dodging
 - Level 2.4 Stealth
 * Level 0.5 Shields
 * Level 4.0 Spellcasting
 * Level 5.9 Conjurations


You had 5 spell levels left.
You knew the following spells:

 Your Spells              Type           Power        Failure   Level
a - Magic Dart            Conj           100%         1%          1
b - Searing Ray           Conj           66%          1%          2
c - Dazzling Flash        Conj/Hex       38%          9%          3

Your spell library contained the following spells:

 Spells                   Type           Power        Failure   Level
 Fulminant Prism          Conj/Hex       9%           28%         4
 Iskenderun's Mystic Bla  Conj/Tloc      19%          28%         4


Dungeon Overview and Level Annotations

Branches:
Dungeon (3/15)

Altars:
Gozag


Message History

Confirm with . or Enter, or press ? or * to list all spells.
Aiming: Searing Ray (safe; 1% risk of failure)
Press: ? - help, Shift-Dir - straight line (Press . to maintain the ray.)
The searing ray hits something.
The searing ray hits something!
You finish channeling your searing ray.
Something hits you. Something shocks you.
Casting: Searing Ray (safe; 1% risk of failure)
Confirm with . or Enter, or press ? or * to list all spells.
Aiming: Searing Ray (safe; 1% risk of failure)
Press: ? - help, Shift-Dir - straight line The searing ray hits something. (Press . to maintain the ray.)
Something hits you. Something shocks you. Something hits you.
Something shocks you.
* * * LOW HITPOINT WARNING * * *
Something hits you.
* * * LOW HITPOINT WARNING * * *
Something shocks you.
You die...

.##..........# #.....#.#
......<).....###..#.#..#
.###........#..........#
##.......#.##.##.##.#
######....##.##.##.#
#.............#
#....##)#...###
#######..#.##.....#
#............@....#
#....[..#..##.##..#
##........#.##.##.##
###..............#..#
#..........###.###.##
..##.......# #.....#
##.......# #.#####
###....##### #.#
#...#### #.#


There were no monsters in sight!

Vanquished Creatures
  4 adders
  4 oozes
  An adder skeleton (D:3)
  2 dart slugs (D:1)
  4 leopard geckos
  A giant cockroach (D:3)
  3 goblins
  2 jackals (D:1)
  8 kobolds
  A quokka (D:2)
  2 ball pythons
  5 bats
  2 frilled lizards
  7 rats
46 creatures vanquished.

Notes
Turn   | Place    | Note
-------+----------+-------------------------------------------
     0 | D:1      | Amaterasu the Deep Elf Conjurer began the quest for the
                  | Orb.
     0 | D:1      | Reached XP level 1. HP: 10/10 MP: 6/6
   142 | D:1      | Reached XP level 2. HP: 15/15 MP: 5/8
   147 | D:1      | Learned a level 2 spell: Searing Ray
   254 | D:1      | Reached skill level 5 in Conjurations
   423 | D:1      | Reached XP level 3. HP: 19/19 MP: 5/9
   427 | D:1      | Learned a level 3 spell: Dazzling Flash
   736 | D:2      | Found an opulent altar of Gozag.
  1128 | D:2      | Reached XP level 4. HP: 24/24 MP: 8/11
  1763 | D:3      | Noticed a sky beast
  1783 | D:3      | HP: 1/24 [something (2)]
  1783 | D:3      | Slain by a sky beast

Illustrated notes

Levels and vault maps discovered:
D:1:      dpeg_arrival_tiny_i, layout_rooms
D:2:      layout_loops_ring, general_overflow_altar
D:3:      cheibrodos_old_hovel, layout_rooms,
          hangedman_abyss_or_decor_lesser_grid, guppyfry_early_lair_pool

Skill      XL: |  1  2  3  4 |
---------------+-------------+-----
Conjurations   | 5 |  5.9
Spellcasting   | 4 |  4.0
Fighting       | |  0.7
Dodging        | |  2.4
Stealth        | |  2.4
Shields        | |  0.5

Action                   |  1- 3 |  4- 6 || total
-------------------------+-------+-------++-------
 Cast: Magic Dart        |    65 |    25 ||    90
       Searing Ray       |       |     2 ||     2
  Use: Scroll            |     3 |     3 ||     6
Armor: Robe              |     1 |       ||     1
Dodge: Dodged            |     2 |     2 ||     4
